 Dungeon Crawl Stone Soup version 0.21.0-3-g78d12a8 (webtiles) character file.

609 Inarius the Chiller (level 7, 55/55 HPs)
             Began as a Red Draconian Ice Elementalist on Jan 10, 2018.
             Got out of the dungeon alive.
             The game lasted 00:13:40 (4364 turns).

Inarius the Chiller (DrIE)                          Turns: 4364, Time: 00:13:40

Health: 55/55      AC:  8    Str: 11    XL:     7   Next: 19%
Magic:  12/12      EV: 12    Int: 17    God:
Gold:   142        SH:  3    Dex: 11    Spells: 5/13 levels left

rFire    + . .     SeeInvis .   f - +0 mace (protect)
rCold    . . .     Gourm    .   j - +0 buckler
rNeg     . . .     Faith    .   (armour unavailable)
rPois    .         Spirit   .   (helmet restricted)
rElec    .         Reflect  .   n - +1 cloak
rCorr    .         Harm     .   (no gloves)
MR       .....                  (no boots)
Stlth    ++........             (no amulet)
HPRegen  0.18/turn              (no ring)
MPRegen  0.13/turn              (no ring)

@: no status effects
A: breathe fire, unfitting armour, fire resistance 1, cold-blooded, AC +6
a: Breathe Fire


You escaped.
You were not hungry.

You visited 1 branch of the dungeon, and saw 5 of its levels.
You also visited: Sewer.

You collected 142 gold pieces.

Inventory:

Hand Weapons
 f - a +0 mace of protection (weapon)
 p - a cursed -3 trident
Armour
 h - a +0 shield
 j - a +0 buckler (worn)
 n - a +1 cloak (worn)
Scrolls
 c - 5 scrolls of identify {unknown}
 e - a scroll of fog {unknown}
 m - a scroll of noise {unknown}
 o - 3 scrolls of teleportation {unknown}
Potions
 d - 2 potions of curing
 i - 2 potions of brilliance {unknown}
 k - a potion of agility {unknown}
 l - a potion of cancellation {unknown}
 q - a potion of lignification {unknown}
 r - a potion of magic {unknown}
 s - a potion of heal wounds {unknown}
Books
 a - a book of Frost

   Spells                             Type                      Level
   a - Freeze                         Ice                          1
   b - Throw Frost                    Conjuration/Ice              2
   c - Ozocubu's Armour               Charms/Ice                   3
   d - Throw Icicle                   Conjuration/Ice              4
   e - Summon Ice Beast               Ice/Summoning                4
Comestibles
 b - 6 rations
 g - 4 chunks of flesh


   Skills:
 + Level 2.1 Fighting
   Level 0.1 Short Blades
 - Level 3.1 Dodging
 - Level 1.7 Stealth
 - Level 1.0 Shields
 + Level 3.7 Spellcasting
 * Level 1.7 Conjurations
 + Level 1.2 Charms
 * Level 4.8 Ice Magic


You had 5 spell levels left.
You knew the following spells:

 Your Spells              Type           Power        Failure   Level  Hunger
a - Freeze                Ice            ###.         3%          1    None
b - Ozocubu's Armour      Chrm/Ice       ##......     21%         3    ###....
c - Throw Icicle          Conj/Ice       ##......     52%         4    ####...


Dungeon Overview and Level Annotations

Branches:
Dungeon (5/15)
 Temple: D:4-7

Altars:
Ashenzari
Elyvilon
Sif Muna


Innate Abilities, Weirdness & Mutations

You can breathe blasts of fire.
Your fiery red scales are hard. (AC +6)
You cannot fit into any form of body armour.
Your flesh is heat resistant. (rF+)
You are cold-blooded and may be slowed by cold attacks.


Message History

What level of the Dungeon? (default 1, ? - help)
Things that are here:
a robe; a dagger
There is a stone staircase leading up here.
You climb upwards.
There is a stone staircase leading down here.
Things that are here:
a leather armour; a whip
There is a stone staircase leading up here.
You climb upwards.
Some of the chunks of flesh in your inventory have rotted away.
There is a stone staircase leading down here.
There is a stone staircase leading up here.
You climb upwards.
There is a stone staircase leading down here.
There is an open door here.
Some of the chunks of flesh in your inventory have rotted away.
There is a staircase leading out of the dungeon here.
Are you sure you want to leave the Dungeon?
This will make you lose the game!
You have escaped!

#.#...........#.#...####. ##
##..)..#.#.....##........ .###
#......#.#......#....#### [..#
#......#.#......#....# # .#.#
#....#.#.#.#....#..#.#### ##.#
#...##.#.#.##...#..#.....
#.######.....⌠#.#⌠.....#..#####.
#......#..#####.#####..#..# #.
#......'.......@..........### #.
#......#..#####.#####(.#....# #.
##......#.....⌠#.#⌠.....##.#.###.
##......#...##.#.#.##...##.......
''......#....#.#.#.#....####.####
##......#......#.#......#..#.#
##......#......#.#......#..#.#
##......##.....#.#.....##..#.####
##......#.#...........#.#..#.....


There were no monsters in sight!

Vanquished Creatures
  Purgy (Sewer)
  A scorpion (D:4)
  A hound (D:4)
  A centaur skeleton (D:5)
  An orc priest (D:3)
  4 orc wizards
  An iguana (D:4)
  A worker ant (D:4)
  A worker ant zombie (D:2)
  4 gnolls (D:4)
  6 adders
  2 oozes
  A worm (D:2)
  2 dart slugs
  6 leopard geckos
  9 orcs
  9 bats
  7 giant cockroaches
  5 goblins
  5 hobgoblins
  3 jackals (D:3)
  A quokka (D:4)
  A ball python (Sewer)
  4 frilled lizards
  6 kobolds
  9 rats
92 creatures vanquished.

Notes
Turn   | Place    | Note
-------+----------+-------------------------------------------
     0 | D:1      | Inarius the Draconian Ice Elementalist began the quest for the Orb.
     0 | D:1      | Reached XP level 1. HP: 14/14 MP: 3/3
   126 | D:1      | Reached XP level 2. HP: 20/20 MP: 3/5
  1262 | D:2      | Reached XP level 3. HP: 22/26 MP: 1/6
  1332 | D:2      | Reached skill level 4 in Ice Magic
  1347 | D:2      | Learned a level 3 spell: Ozocubu's Armour
  1732 | D:2      | Reached XP level 4. HP: 25/33 MP: 3/7
  2249 | D:3      | Found a shattered altar of Ashenzari.
  2388 | D:3      | Reached skill level 1 in Charms
  2556 | D:2      | Reached XP level 5. HP: 23/39 MP: 7/9
  3039 | D:4      | Learned a level 4 spell: Throw Icicle
  3107 | D:3      | Reached skill level 1 in Fighting
  3217 | D:4      | Noticed a phantom
  3346 | D:4      | Reached XP level 6. HP: 40/47 MP: 7/10
  3354 | D:4      | Found a deep blue altar of Sif Muna.
  3407 | D:4      | Reached skill level 5 in Ice Magic
  3629 | D:4      | Reached skill level 1 in Shields
  3954 | D:5      | Entered Level 5 of the Dungeon
  4063 | D:5      | Found a white marble altar of Elyvilon.
  4129 | D:5      | Found a glowing drain.
  4151 | Sewer    | Entered a sewer
  4210 | Sewer    | Noticed Purgy
  4222 | Sewer    | Killed Purgy
  4222 | Sewer    | Your scales start taking on a fiery red colour.
  4222 | Sewer    | Reduced skill Ice Magic to level 4
  4222 | Sewer    | Reached XP level 7. HP: 55/55 MP: 12/12
  4222 | Sewer    | Gained mutation: Your flesh is heat resistant. (rF+) [Red Draconian growth]
  4364 | D:$      | Got out of the dungeon alive.

Skill      XL: |  1  2  3  4  5  6 |
---------------+-------------------+-----
Dodging        | 2 3 |  3.1
Ice Magic      | 4 4 |  4.8
Charms         | 1 |  1.2
Spellcasting   | 3 |  3.7
Fighting       | 1 2 |  2.1
Shields        | 1 |  1.0
Short Blades   | |  0.1
Stealth        | |  1.7
Conjurations   | |  1.7

Action                   |  1- 3 |  4- 6 |  7- 9 || total
-------------------------+-------+-------+-------++-------
Melee: Short sword       |    93 |       |       ||    93
       Tailslap          |     7 |    19 |       ||    26
       Mace              |     1 |   211 |       ||   212
 Cast: Freeze            |    37 |    53 |       ||    90
       Ozocubu's Armour  |       |     5 |       ||     5
  Use: Scroll            |     2 |     1 |       ||     3
       Potion            |       |     2 |       ||     2
 Stab: Sleeping          |     2 |     1 |       ||     3
  Eat: Chunk             |     3 |     9 |     1 ||    13
Armor: Skin              |    35 |   137 |       ||   172
Dodge: Dodged            |    74 |   198 |       ||   272
Block: Shield            |    12 |       |       ||    12
       Buckler           |     8 |    43 |       ||    51
